 Dungeon Crawl Stone Soup version 0.25-a0-589-g1e14c549ee (webtiles) character file.

Game seed: 9082004396083150347, levelgen mode: deterministic

240 Lentor the Skirmisher (level 5, 0/42 HPs)
             Began as a Demonspawn Fighter on Mar 9, 2020.
             Splashed by a jelly's acid (2 damage)
             ... on level 3 of the Dungeon.
             The game lasted 00:04:02 (2125 turns).

Lentor the Skirmisher (Demonspawn Fighter)          Turns: 2125, Time: 00:04:03

Health: 0/42       AC:  2    Str: 17    XL:     5   Next: 79%
Magic:  5/5        EV:  7    Int: 10    God:
Gold:   140        SH: 13    Dex: 12    Spells: 4/4 levels left

rFire    . . .     SeeInvis .   a - +0 war axe
rCold    . . .     Gourm    .   c - +0 kite shield
rNeg     . . .     Faith    .   b - +0 scale mail
rPois    .         Spirit   .   (no helmet)
rElec    .         Reflect  .   (no cloak)
rCorr    .         Harm     .   (no gloves)
MR       .....                  (no boots)
Stlth    ..........             (no amulet)
HPRegen  0.14/turn              (no ring)
MPRegen  0.09/turn              (no ring)

@: corroded
A: hooves 1, large bone plates 1
a: no special abilities


You were on level 3 of the Dungeon.
You were very hungry.

You visited 1 branch of the dungeon, and saw 4 of its levels.

You collected 140 gold pieces.

Inventory:

Hand Weapons
 a - a +0 war axe (weapon)
Missiles
 r - 9 poisoned darts (quivered)
Armour
 b - a +0 scale mail (worn)
 c - a +0 kite shield (worn)
Wands
 m - a wand of flame (23)
Scrolls
 g - a scroll of magic mapping {unknown}
 n - 3 scrolls of remove curse {unknown}
 q - a scroll of identify {unknown}
Potions
 d - 2 potions of might
 e - a potion of brilliance {unknown}
 h - a potion of resistance {unknown}
 i - a potion of mutation {unknown}
 j - a potion of lignification {unknown}
 k - a potion of invisibility {unknown}
 l - 4 potions of curing {unknown}
 o - a potion of haste {unknown}
Comestibles
 f - 5 rations


   Skills:
 + Level 3.8 Fighting
 * Level 3.3 Axes
 - Level 3.5 Armour
 - Level 1.4 Dodging
 - Level 0.5 Stealth
 - Level 3.6 Shields


You had 4 spell levels left.
You didn't know any spells.
Your spell library was empty.

Dungeon Overview and Level Annotations

Branches:
Dungeon (4/15)
 Temple: D:4-7

Altars:
Dithmenos
Kikubaaqudgha


Innate Abilities, Weirdness & Mutations

You have large cloven feet.
You are partially covered in large bone plates. (SH +4)


Message History

The jelly hits you but does no damage. The ooze hits you.
* * * LOW HITPOINT WARNING * * *
You hit the jelly.
Your hands burn!
* * * LOW HITPOINT WARNING * * *
The jelly is heavily wounded.
You hit the ooze. The jelly hits you but does no damage.
The ooze closely misses you.
You hit the jelly.
Your hands burn!
* * * LOW HITPOINT WARNING * * *
You kick the jelly, but do no damage.
The jelly is heavily wounded.
The jelly hits you but does no damage. You block the jelly's attack.
You barely miss the jelly.
The jelly is heavily wounded.
The jelly barely misses you.
Your shield prevents you from hitting the jelly.
The jelly is heavily wounded.
You block the jelly's attack. The jelly completely misses you.
You hit the jelly but do no damage.
Your hands burn!
You die...

### #:..÷..##.#######
#######
#P÷.P..#.#.#....###...>..
#÷.....#.#)#.....##.#####
#P..PP.#.#'#..(...'......
#......#.#.......('..###.
#......#.#.....(..'....#.
#.....÷#@#.......##)##.#.
#÷PP.P)J##......###....#.
#...÷..############....#.
####### #######..#.##.
#...#.#..#....
#.#†#....#####
#.#<#.##......
#.###.######## #.....#


You could see a jelly.

Vanquished Creatures
  A bullfrog (D:2)
  2 jellies (D:3)
  4 adders (D:2)
  6 oozes (D:3)
  3 dart slugs
  A leopard gecko (D:1)
  7 bats
  2 giant cockroaches (D:1)
  4 goblins
  5 hobgoblins
  2 jackals (D:3)
  8 kobolds
  A ball python (D:2)
  2 frilled lizards (D:2)
  6 rats
54 creatures vanquished.

Vanquished Creatures (others)
  4 fungi (D:3)
  5 toadstools (D:3)
9 creatures vanquished.

Grand Total: 63 creatures vanquished

Notes
Turn   | Place    | Note
-------+----------+-------------------------------------------
     0 | D:1      | Lentor the Demonspawn Fighter began the quest for the Orb.
     0 | D:1      | Reached XP level 1. HP: 18/18 MP: 1/1
    51 | D:1      | Gained mutation: You are partially covered in large bone
                  | plates. (SH +4) [demonic ancestry]
    51 | D:1      | Reached XP level 2. HP: 20/24 MP: 2/2
   761 | D:2      | Reached XP level 3. HP: 4/29 MP: 3/3
  1138 | D:2      | Found a shadowy altar of Dithmenos.
  1273 | D:2      | Gained mutation: You have large cloven feet. [demonic
                  | ancestry]
  1273 | D:2      | Reached XP level 4. HP: 32/35 MP: 4/4
  1381 | D:2      | Found an ancient bone altar of Kikubaaqudgha.
  1401 | D:2      | Noticed a bullfrog
  1415 | D:2      | Killed a bullfrog
  1415 | D:2      | Reached skill level 1 in Dodging
  1594 | D:2      | Reached XP level 5. HP: 41/41 MP: 5/5
  2122 | D:3      | HP: 1/42 [acid (3)]
  2125 | D:3      | Splashed by a jelly's acid

Levels and vault maps discovered:
D:1:      dpeg_arrival_orchard, layout_basic
D:2:      layout_loops_ring, marbit_many_paths, overflow_temple_1_default,
          first_ration
D:3:      cheibrodos_fertilizer, layout_basic, overflow_temple_1_default,
          old_standard_altar, lemuel_doored_altar, fountainhead, uniq_sigmund
D:4:      layout_loops_ring, kennysheep_okawaru_gauntlet, serial_shops, shop,
          shop, st_stairs_13, grunt_nemelex_the_gamble

Skill      XL: |  1  2  3  4  5 |
---------------+----------------+-----
Axes           | 2 3 |  3.3
Armour         | 3 |  3.5
Shields        | 3 |  3.6
Dodging        | 1 |  1.4
Fighting       | |  3.8
Stealth        | |  0.5

Action                   |  1- 3 |  4- 6 || total
-------------------------+-------+-------++-------
Melee: War axe           |   105 |    80 ||   185
       Kick              |       |    21 ||    21
  Eat: Chunk             |     1 |     2 ||     3
Armor: Scale mail        |    46 |    32 ||    78
Dodge: Dodged            |    22 |    21 ||    43
Block: Kite shield       |    77 |    58 ||   135

Table legend:
 A = Non-vault XP
 B = Vault XP
 C = Vault XP percentage of total XP
 D = Non-vault monster count
 E = Vault monster count
 F = Vault count percentage of total count
                 A         B        C        D         E       F
            +---------+---------+-------+---------+---------+-------
      Total |     204 |     139 |  40.5 |      38 |      16 |  29.6
            +---------+---------+-------+---------+---------+-------
        D:1 |      33 |       0 |   0.0 |      17 |       0 |   0.0
        D:2 |     167 |       1 |   0.6 |      19 |       1 |   5.0
        D:3 |       4 |     138 |  97.2 |       2 |      15 |  88.2
            +---------+---------+-------+---------+---------+-------
